 Dungeon Crawl Stone Soup version 0.18-b1-10-g3f7de93 (webtiles) character file.

160 Gargoyl the Skirmisher (level 5, 0/41 HPs)
             Began as a Demonspawn Abyssal Knight on Apr 29, 2016.
             Was a Priest of Lugonu.
             Slain by a white imp (4 damage)
             ... summoned by Natasha
             ... on level 3 of the Dungeon.
             The game lasted 00:05:54 (3919 turns).

Gargoyl the Skirmisher (Demonspawn Abyssal Knight)  Turns: 3919, Time: 00:05:54

Health: 0/41       AC:  6    Str: 14    XL:     5   Next: 17%
Magic:  6/6        EV: 11    Int: 15    God:    Lugonu [***...]
Gold:   136        SH:  0    Dex: 12    Spells: 0 memorised, 4 levels left

rFire  . . .     SeeInvis .     a - +1 hand axe
rCold  . . .     Gourm    .     j - +0 ring mail
rNeg   . . .     Faith    .     (no shield)
rPois  .         Spirit   .     d - +0 helmet
rElec  .         Dismiss  .     (no cloak)
rCorr  .         Reflect  .     (no gloves)
SustAt .         Harm     .     (no boots)
MR     .....                    (no amulet)
Stlth  +.........               (no ring)
                                (no ring)

@: slowed, very slow, not resistant to hostile enchantments, very unstealthy
A: claws 2, clever 1, demonic guardian 1, sense surroundings 1, evolution 1
a: Depart the Abyss, Bend Space, Banish, Renounce Religion


You were on level 3 of the Dungeon.
You worshipped Lugonu.
Lugonu was most pleased with you.
You were not hungry.

You visited 1 branch of the dungeon, and saw 3 of its levels.
You visited the Abyss 1 time.

You collected 136 gold pieces.

Inventory:

Hand Weapons
 a - a +1 hand axe (weapon)
 p - a +0 spear
Armour
 d - a +0 helmet (worn)
 j - a +0 ring mail (worn)
Scrolls
 b - 4 scrolls of teleportation {unknown}
 e - 7 scrolls of identify {unknown}
 h - a scroll of magic mapping {unknown}
 i - a scroll of enchant armour {unknown}
 m - 3 scrolls of recharging {unknown}
 n - a scroll of remove curse {unknown}
 o - a scroll of random uselessness {unknown}
 r - a scroll of enchant weapon {unknown}
Potions
 k - a potion of curing
Comestibles
 c - 2 bread rations
 f - a slice of pizza
 g - a meat ration
 l - 4 fruits


   Skills:
 + Level 3.6 Fighting
 + Level 2.4 Axes
 * Level 3.3 Armour
 + Level 2.4 Dodging
 + Level 2.6 Invocations


You had 4 spell levels left.
You didn't know any spells.

Dungeon Overview and Level Annotations

Branches:
Dungeon (3/15)

Altars:

Annotations:
D:3 Natasha


Innate Abilities, Weirdness & Mutations

You have very sharp fingernails.
A weak demonic guardian rushes to your aid.
Your mind is acute. (Int +2)
You passively map a small area around you.
You evolve.


Message History

Your quasit claws the white imp but does no damage.
Your quasit barely misses the white imp.
The white imp hits you. The white imp freezes you.
* * * LOW HITPOINT WARNING * * *
Natasha barely misses you.
The white imp barely misses your quasit.
The white imp hits you.
* * * LOW HITPOINT WARNING * * *
The white imp freezes you.
* * * LOW HITPOINT WARNING * * *
Your quasit misses Natasha.
Your quasit claws Natasha but does no damage.
Your quasit barely misses Natasha.
Your quasit bites the white imp but does no damage.
Your quasit closely misses the white imp.
Your quasit claws the white imp but does no damage.
The white imp hits you.
* * * LOW HITPOINT WARNING * * *
The white imp freezes you.
You die...

#..####..###......##.#..
#..# #..###......##....
#..# #....#......###...
...# #.##.#......#.....
#..## #.#.....#####.###.
#..#####...#.######.>###.
*
,.........................
* .######.##..#....######.
, .....55@###...#### #. ,
......5h5##...# ##
.........5#...# ,
.......[..#...# ,
..........#...#
..........#...# ,
..........#...#
.........##...#
........###...#


You could see Natasha, 3 white imps and 2 friendly quasits.

Vanquished Creatures
  Robin (D:3)
  5 adders
  An ooze (D:1)
  3 worms
  A giant gecko (D:3)
  4 orcs
  A ball python (D:3)
  A bat zombie (D:1)
  5 giant cockroaches
  10 goblins
  12 hobgoblins
  13 jackals
  A quokka (D:2)
  5 bats
  4 giant newts
  A jackal zombie (D:1)
  3 kobolds
  2 rats
73 creatures vanquished.

Vanquished Creatures (collateral kills)
  A worm (D:3)
  An orc (D:3)
  2 hobgoblins (D:3)
  A quokka (D:3)
5 creatures vanquished.

Grand Total: 78 creatures vanquished

Notes
Turn   | Place    | Note
--------------------------------------------------------------
     0 | Abyss:1  | Gargoyl the Demonspawn Abyssal Knight began the quest for the Orb.
     0 | Abyss:1  | Reached XP level 1. HP: 18/18 MP: 2/2
    43 | Abyss:3  | Found a corrupted altar of Lugonu.
    72 | Abyss:3  | Noticed a spatial vortex
    86 | Abyss:3  | Noticed a large abomination
    98 | Abyss:3  | Noticed a starcursed mass
    99 | D:1      | Escaped the Abyss
   314 | D:1      | Reached skill level 1 in Dodging
   320 | D:1      | Reached * piety under Lugonu
   320 | D:1      | Gained mutation: You have sharp fingernails. [demonic ancestry]
   320 | D:1      | Reached XP level 2. HP: 7/24 MP: 3/3
  1484 | D:1      | Gained mutation: A weak demonic guardian rushes to your aid. [demonic ancestry]
  1484 | D:1      | Reached XP level 3. HP: 21/29 MP: 4/4
  2115 | D:2      | Reached ** piety under Lugonu
  2404 | D:2      | Gained mutation: You have very sharp fingernails. [demonic ancestry]
  2404 | D:2      | Reached XP level 4. HP: 27/35 MP: 5/5
  3292 | D:3      | Noticed Robin
  3301 | D:3      | Killed Robin
  3678 | D:3      | Reached XP level 5. HP: 38/41 MP: 6/6
  3901 | D:3      | Noticed Natasha
  3915 | D:3      | Gained mutation: You evolve. [potion of mutation]
  3915 | D:3      | Gained mutation: Your mind is acute. (Int +2) [potion of mutation]
  3915 | D:3      | Gained mutation: You passively map a small area around you. [potion of mutation]
  3918 | D:3      | Reached *** piety under Lugonu
  3919 | D:3      | Slain by a white imp

Skill      XL: |  1  2  3  4 |
---------------+-------------+-----
Dodging        | 1 2 |  2.4
Armour         | 2 3 |  3.3
Axes           | 2 |  2.4
Fighting       | |  3.6
Invocations    | |  2.6

Action                   |  1- 3 |  4- 6 || total
-------------------------+-------+-------++-------
Melee: Hand axe          |   154 |   136 ||   290
Invok: Depart the Abyss  |     1 |       ||     1
  Use: Potion            |     1 |     2 ||     3
  Eat: Chunk             |     5 |     5 ||    10
Armor: Leather armour    |    24 |       ||    24
       Ring mail         |    53 |    69 ||   122
Dodge: Dodged            |   123 |   114 ||   237
